Admirals vs Griffins
(R1)
Created - May 17, 2021 at 19:03
Goals
|
| Admirals |
0 |
3 |
1 |
1 |
5 |
| Griffins |
1 |
2 |
1 |
0 |
4 |
|
Shots
|
| Admirals |
16 |
11 |
5 |
1 |
33 |
| Griffins |
9 |
8 |
11 |
0 |
28 |
|
1st period
1. Griffins , Danny Kristo 3 (Brandon Pirri 2, Dylan Larkin 1) at 7:00
Penalties :
Trevor Van Riemsdyk (Mil) for Tripping (Minor) at 7:42
2nd period
2. Griffins , Riley Armstrong 1 (Brandon Pirri 3, Mathew Barzal 2) at 1:46 (PP)
3. Admirals , Nicolas Kerdiles 2 (Josh Morrissey 1) at 7:31 (PP)
4. Admirals , Blake Geoffrion 2 (Josh Morrissey 2) at 10:41
5. Admirals , Nicolas Kerdiles 3 (Mat Clark 4, Scott Laughton 5) at 11:00 (PP)
6. Griffins , Travis Sanheim 1 (Dylan Larkin 2) at 18:58
Penalties :
Josh Morrissey (Mil) for Hooking (Minor) at 1:05, Marcus Pettersson (Gra) for Roughing (Minor) at 7:11, Travis Sanheim (Gra) for Holding (Minor) at 10:48
3rd period
7. Admirals , Hunter Shinkaruk 1 (Mat Clark 5) at 10:02
8. Griffins , Max Domi 1 (Phil Oreskovic 2, Riley Armstrong 2) at 12:25
Penalties :
Sonny Milano (Gra) for Holding (Minor) at 1:09, Travis Sanheim (Gra) for Boarding (Minor) at 5:36, Josh Morrissey (Mil) for Hooking (Minor) at 6:08
Overtime #1
9. Admirals , Anton Gustafsson 2 (Andreas Englund 2) at 0:47
Penalties :
No Penalty
Goalie Stats
Niklas Svedberg (Mil), 24 saves from 28 shots - (0.857), W, 3-0-0, 60:47 minutes
Olivier Roy (Gra), 28 saves from 33 shots - (0.848), OTL, 0-1-1, 60:47 minutes
Players Stats for Admirals
Player Name G A P +/- PIM S H SB GA TA FO MP PP MP PK MP
------------------------------------------------------------------------------------
Andreas Englund 0 1 1 0 0 1 0 1 0 1 0/0 11:33 0:00 1:28
Anton Gustafsson 1 0 1 0 0 1 1 0 0 1 3/6 13:37 0:00 1:59
Blake Geoffrion 1 0 1 1 0 3 1 1 2 0 0/0 16:54 1:03 0:00
Brett Connolly 0 0 0 0 0 1 0 0 0 0 0/0 8:47 0:00 0:00
Carl Dahlstrom 0 0 0 -1 0 0 1 0 0 0 0/0 6:23 0:00 0:00
Chris Lawrence 0 0 0 0 0 0 1 0 0 1 0/0 12:26 1:03 0:00
Freddie Hamilton 0 0 0 0 0 0 0 0 0 0 0/0 1:05 0:00 0:00
Hunter Shinkaruk 1 0 1 0 0 2 1 0 0 0 0/0 8:47 0:00 0:00
Joel Armia 0 0 0 -1 0 2 2 0 1 0 1/3 19:20 2:00 0:00
Josh Morrissey 0 2 2 2 4 2 1 0 0 0 0/0 24:47 2:01 1:15
Lucas Wallmark 0 0 0 0 0 1 0 0 0 2 0/3 9:36 0:00 0:49
Mark McNeill 0 0 0 1 0 0 2 2 0 0 1/1 15:36 0:00 0:00
Markus Granlund 0 0 0 1 0 3 1 0 0 1 5/10 17:53 1:03 0:46
Mat Clark 0 2 2 2 0 1 2 1 1 1 0/0 26:04 2:02 1:44
Mattias Backman 0 0 0 0 0 1 0 1 0 0 0/0 10:17 0:00 0:29
Nicolas Deslauriers 0 0 0 0 0 3 1 0 0 1 2/2 11:40 0:00 1:03
Nicolas Kerdiles 2 0 2 -1 0 7 1 0 1 1 0/0 21:48 2:00 1:42
Scott Laughton 0 1 1 -1 0 4 1 2 1 0 14/30 20:08 2:00 0:05
T.J Brodie 0 0 0 -1 0 1 2 2 0 0 0/0 18:38 1:01 1:28
Travis Dermott 0 0 0 -1 0 0 0 1 1 1 0/0 16:47 1:01 0:00
Trevor Van Riemsdyk 0 0 0 -1 2 0 0 0 0 0 0/0 7:07 0:00 0:00
Players Stats for Griffins
Player Name G A P +/- PIM S H SB GA TA FO MP PP MP PK MP
------------------------------------------------------------------------------------
Adam Gaudette 0 0 0 -1 0 1 0 0 1 1 0/0 18:28 1:56 0:00
Ben Hanowski 0 0 0 1 0 1 1 0 0 1 0/0 17:23 0:03 0:23
Brandon Pirri 0 2 2 0 0 0 1 1 1 0 0/0 14:36 1:56 0:48
Brendan Woods 0 0 0 0 0 2 0 0 0 0 0/0 10:28 0:00 2:09
Danny Kristo 1 0 1 0 0 1 3 0 1 0 3/6 14:07 0:03 2:10
Dylan Larkin 0 2 2 1 0 1 1 0 0 0 15/28 18:43 1:13 0:00
Jordie Benn 0 0 0 -1 0 1 2 5 0 1 0/0 20:33 1:13 1:44
Marcus Pettersson 0 0 0 -1 2 0 1 1 0 1 0/0 19:40 1:13 0:00
Mathew Barzal 0 1 1 0 0 0 1 0 0 0 1/2 14:56 1:59 0:01
Max Domi 1 0 1 -1 0 4 3 1 0 0 0/0 17:47 1:13 0:00
Phil Oreskovic 0 1 1 0 0 2 0 3 1 0 0/0 18:02 0:00 1:19
Riley Armstrong 1 1 2 -1 0 8 1 0 3 0 5/14 17:54 1:56 0:00
Rourke Chartier 0 0 0 0 0 0 1 0 1 0 3/3 8:27 0:00 0:00
Ryan Pulock 0 0 0 0 0 0 0 0 0 0 0/0 18:53 0:00 1:19
Simon Despres 0 0 0 1 0 0 1 0 1 2 0/0 21:07 0:00 1:44
Sonny Milano 0 0 0 0 2 0 2 1 1 0 0/0 8:39 0:03 0:00
Travis Sanheim 1 0 1 1 4 3 1 3 0 1 0/0 20:22 1:59 0:00
Tye McGinn 0 0 0 1 0 4 2 0 0 0 2/2 19:16 1:13 0:35
3 Stars
1 - Nicolas Kerdiles (Mil)
2 - Mat Clark (Mil)
3 - Blake Geoffrion (Mil)
Power Play
Admirals - 2 on 4 Attempt(s) - 50.00%
Griffins - 1 on 3 Attempt(s) - 33.33%
Penalty Kill
Admirals - 2 on 3 Attempt(s) - 66.67%
- Score 0 goal in Penalty Kill
Griffins - 2 on 4 Attempt(s) - 50.00%
- Score 0 goal in Penalty Kill
Team Stat
Admirals - Hits : 18 - Faceoff Wins : 26 - Blocked Shots : 11 - Penalty Minutes : 6
Griffins - Hits : 21 - Faceoff Wins : 29 - Blocked Shots : 15 - Penalty Minutes : 8
Official
Referees : Unknown
Linesman : Unknown
Game Notes
No Game Note
Finance
Level 1 -- Attendance: 1948 (97.40%) -- Ticket Income $68,180
Level 2 -- Attendance: 778 (77.80%) -- Ticket Income $15,560
Total Attendance: 2726 (90.87%)
Total Ticket Income: $83,740
Other Income: $4,187
Total Income: $87,927
Admirals
5 vs 5 Forward
Center Left Wing Right Wing Time % Phy DF OF
1 Scott Laughton Nicolas Kerdiles Joel Armia 40 1 2 2
2 Markus Granlund Blake Geoffrion Mark McNeill 30 1 2 2
3 Anton Gustafsson Nicolas Deslauriers Chris Lawrence 20 1 2 2
4 Lucas Wallmark Hunter Shinkaruk Brett Connolly 10 1 2 2
5 vs 5 Defense
Defense Defense Time % Phy DF OF
1 Mat Clark Josh Morrissey 40 1 3 1
2 T.J Brodie Travis Dermott 30 1 2 2
3 Andreas Englund Mattias Backman 20 1 3 1
4 Carl Dahlstrom Trevor Van Riemsdyk 10 1 3 1
PowerPlay Forward
Center Left Wing Right Wing Time % Phy DF OF
1 Scott Laughton Nicolas Kerdiles Joel Armia 60 1 1 3
2 Markus Granlund Blake Geoffrion Chris Lawrence 40 1 1 3
PowerPlay Defense
Defense Defense Time % Phy DF OF
1 Mat Clark Josh Morrissey 60 1 1 3
2 T.J Brodie Travis Dermott 40 1 1 3
Penalty Kill 4 Players Forward
Center Wing Time % Phy DF OF
1 Anton Gustafsson Nicolas Kerdiles 60 1 2 2
2 Markus Granlund Nicolas Deslauriers 40 1 2 2
Penalty Kill 4 Players Defense
Defense Defense Time % Phy DF OF
1 Mat Clark Josh Morrissey 60 1 3 1
2 Andreas Englund T.J Brodie 40 1 3 1
Penalty Kill - 3 Players Forward
Forward Time % Phy DF OF
1 Anton Gustafsson 60 1 2 2
2 Mark McNeill 40 1 2 2
Penalty Kill - 3 Players Defense
Defense Defense Time % Phy DF OF
1 Mat Clark Josh Morrissey 60 1 3 1
2 Andreas Englund T.J Brodie 40 1 3 1
4 vs 4 Forward
Center Wing Time % Phy DF OF
1 Scott Laughton Nicolas Kerdiles 60 1 2 2
2 Markus Granlund Blake Geoffrion 40 1 2 2
4 vs 4 Defense
Defense Defense Time % Phy DF OF
1 Mat Clark Josh Morrissey 60 1 2 2
2 T.J Brodie Travis Dermott 40 1 2 2
Last Minutes Offensive
Center Left Wing Right Wing Defense Defense
Scott Laughton Nicolas Kerdiles Joel Armia Josh Morrissey Travis Dermott
Last Minutes Defensive
Center Left Wing Right Wing Defense Defense
Markus Granlund Nicolas Deslauriers Mark McNeill Andreas Englund T.J Brodie
Goaltenders
Starting : Niklas Svedberg
Backup : Tristan Jarry
Extra Forwards
Normal : Freddie Hamilton, Anton Gustafsson, Mark McNeill - PP : Freddie Hamilton, Anton Gustafsson - PK : Lucas Wallmark
Extra Defensemen
Normal : Trevor Van Riemsdyk, Josh Morrissey, Mattias Backman - PP : Trevor Van Riemsdyk - PK : Trevor Van Riemsdyk, Mattias Backman
Penalty Shots
Markus Granlund, Scott Laughton, Blake Geoffrion, Anton Gustafsson, Hunter Shinkaruk
Scratches
Ryan Olsen (Healthy), Adam Almquist (Healthy), Sergei Zborovskiy (Healthy), Filip Chlapik (Healthy), Stanislav Galiev (Healthy)
Mark MacMillan (Healthy), Troy Bourke (Healthy), Alexandre Mallet (Healthy), Riley Barber (Healthy), Christian Djoos (Healthy)
Josh Wesley (Healthy), Linus Ullmark (Healthy), Felix Sanstrom (Healthy)
Griffins
5 vs 5 Forward
Center Left Wing Right Wing Time % Phy DF OF
1 Dylan Larkin Tye McGinn Ben Hanowski 40 0 2 3
2 Riley Armstrong Max Domi Adam Gaudette 30 0 2 3
3 Mathew Barzal Brandon Pirri Danny Kristo 20 0 2 3
4 Rourke Chartier Sonny Milano Brendan Woods 10 0 3 2
5 vs 5 Defense
Defense Defense Time % Phy DF OF
1 Travis Sanheim Simon Despres 35 0 3 2
2 Marcus Pettersson Jordie Benn 35 0 3 2
3 Ryan Pulock Phil Oreskovic 15 0 3 2
4 Ryan Pulock Phil Oreskovic 15 0 3 2
PowerPlay Forward
Center Left Wing Right Wing Time % Phy DF OF
1 Dylan Larkin Tye McGinn Max Domi 60 0 1 4
2 Riley Armstrong Brandon Pirri Adam Gaudette 40 0 1 4
PowerPlay Defense
Defense Defense Time % Phy DF OF
1 Jordie Benn Marcus Pettersson 60 0 2 3
2 Mathew Barzal Travis Sanheim 40 0 2 3
Penalty Kill 4 Players Forward
Center Wing Time % Phy DF OF
1 Danny Kristo Brendan Woods 60 0 4 1
2 Ben Hanowski Tye McGinn 40 0 4 1
Penalty Kill 4 Players Defense
Defense Defense Time % Phy DF OF
1 Jordie Benn Simon Despres 60 1 2 2
2 Phil Oreskovic Ryan Pulock 40 1 2 2
Penalty Kill - 3 Players Forward
Forward Time % Phy DF OF
1 Brendan Woods 60 0 4 1
2 Danny Kristo 40 0 4 1
Penalty Kill - 3 Players Defense
Defense Defense Time % Phy DF OF
1 Jordie Benn Simon Despres 60 1 2 2
2 Phil Oreskovic Ryan Pulock 40 1 2 2
4 vs 4 Forward
Center Wing Time % Phy DF OF
1 Dylan Larkin Tye McGinn 60 0 2 3
2 Max Domi Adam Gaudette 40 0 2 3
4 vs 4 Defense
Defense Defense Time % Phy DF OF
1 Travis Sanheim Simon Despres 60 0 3 2
2 Jordie Benn Marcus Pettersson 40 0 3 2
Last Minutes Offensive
Center Left Wing Right Wing Defense Defense
Dylan Larkin Tye McGinn Max Domi Marcus Pettersson Travis Sanheim
Last Minutes Defensive
Center Left Wing Right Wing Defense Defense
Tye McGinn Brendan Woods Danny Kristo Phil Oreskovic Simon Despres
Goaltenders
Starting : Olivier Roy
Backup : Igor Shesterkin
Extra Forwards
Normal : Dylan Larkin, Max Domi, Mathew Barzal - PP : Sonny Milano, Danny Kristo - PK : Brandon Pirri
Extra Defensemen
Normal : Travis Sanheim, Marcus Pettersson, Phil Oreskovic - PP : Simon Despres - PK : Marcus Pettersson, Travis Sanheim
Penalty Shots
Dylan Larkin, Brandon Pirri, Danny Kristo, Sonny Milano, Ben Hanowski
Scratches
Vladislav Namestnikov (Healthy), Garrett Wilson (Healthy), Mathieu Joseph (Healthy), Troy Terry (Healthy), Tanner Kero (Healthy)
Greg McKegg (Healthy), Nikita Pavlychev (Healthy), Konrad Abeltshauser (Healthy), Dylan DeMelo (Healthy), Tomas Hyka (Healthy)
Ian McCoshen (Healthy), Michael Bunting (Healthy), Ryan Mantha (Healthy), Jack Ramsey (Healthy), Marcus Hogberg (Healthy)
% Time on Ice - Admirals
Lines # - Real PCT - Wanted PCT - Time Play
Normal Forward
1 - 34% - 40% - 17:51
2 - 30% - 30% - 15:54
3 - 20% - 20% - 10:33
4 - 17% - 10% - 8:47
Normal Defense
1 - 40% - 40% - 21:28
2 - 29% - 30% - 15:32
3 - 18% - 20% - 9:42
4 - 12% - 10% - 6:23
PP Forward
1 - 66% - 60% - 2:00
2 - 34% - 40% - 1:03
PP Defense
1 - 67% - 60% - 2:02
2 - 33% - 40% - 1:01
PK Forward
1 - 76% - 60% - 2:26
2 - 24% - 40% - 0:46
PK Defense
1 - 54% - 60% - 1:44
2 - 46% - 40% - 1:28
PK3 Forward
1 - 0% - 60%
2 - 0% - 40%
PK3 Defense
1 - 0% - 60%
2 - 0% - 40%
44 Forward
1 - 80% - 60% - 1:10
2 - 20% - 40% - 0:17
44 Defense
1 - 57% - 60% - 0:50
2 - 43% - 40% - 0:37
Last Minute Offensive - 0:00
Last Minute Defensive - 0:00
Total
Forward - 60:47
Defense - 60:47
|
% Time on Ice - Griffins
Lines # - Real PCT - Wanted PCT - Time Play
Normal Forward
1 - 33% - 40% - 17:30
2 - 31% - 30% - 16:21
3 - 21% - 20% - 11:00
4 - 16% - 10% - 8:14
Normal Defense
1 - 35% - 35% - 18:26
2 - 35% - 35% - 18:26
3 - 14% - 15% - 7:37
4 - 16% - 15% - 8:36
PP Forward
1 - 40% - 60% - 1:16
2 - 60% - 40% - 1:56
PP Defense
1 - 38% - 60% - 1:13
2 - 62% - 40% - 1:59
PK Forward
1 - 87% - 60% - 2:40
2 - 13% - 40% - 0:23
PK Defense
1 - 57% - 60% - 1:44
2 - 43% - 40% - 1:19
PK3 Forward
1 - 0% - 60%
2 - 0% - 40%
PK3 Defense
1 - 0% - 60%
2 - 0% - 40%
44 Forward
1 - 78% - 60% - 1:08
2 - 22% - 40% - 0:19
44 Defense
1 - 100% - 60% - 1:27
2 - 0% - 40% - 0:00
Last Minute Offensive - 0:00
Last Minute Defensive - 0:00
Total
Forward - 60:47
Defense - 60:47
|
Play-by-Play
1st period
0:01 of 1st period - Scott Laughton wins face-off versus Dylan Larkin in neutral zone.
0:04 of 1st period - Simon Despres is hit by Scott Laughton and loses puck.
0:25 of 1st period - Mat Clark is hit by Max Domi.
1:16 of 1st period - Mattias Backman is hit by Marcus Pettersson and loses puck.
1:30 of 1st period - Off-side.
1:31 of 1st period - Scott Laughton wins face-off versus Dylan Larkin in neutral zone.
1:33 of 1st period - Off-side.
1:34 of 1st period - Dylan Larkin wins face-off versus Scott Laughton in neutral zone.
1:41 of 1st period - Snap shot by Dylan Larkin.
1:41 of 1st period - Stopped by Niklas Svedberg without a rebound.
1:42 of 1st period - Markus Granlund wins face-off versus Riley Armstrong in Admirals zone.
1:49 of 1st period - Wrist shot by Blake Geoffrion.
1:49 of 1st period - Shot Blocked by Phil Oreskovic.
1:51 of 1st period - Snap shot by Mark McNeill.
1:51 of 1st period - Shot Blocked by Max Domi.
1:53 of 1st period - Wrist shot by Mark McNeill.
1:53 of 1st period - Shot Misses the Net.
1:55 of 1st period - Slapshot by Trevor Van Riemsdyk.
1:55 of 1st period - Shot Misses the Net.
2:48 of 1st period - Brendan Woods is hit by Josh Morrissey and loses puck.
3:03 of 1st period - Snap shot by Riley Armstrong.
3:03 of 1st period - Stopped by Niklas Svedberg without a rebound.
3:04 of 1st period - Mark McNeill wins face-off versus Riley Armstrong in Admirals zone.
3:15 of 1st period - Riley Armstrong is hit by T.J Brodie.
3:34 of 1st period - Wrist shot by Nicolas Kerdiles.
3:34 of 1st period - Deflect By Tye McGinn.
3:34 of 1st period - Stopped by Olivier Roy without a rebound.
3:35 of 1st period - Scott Laughton wins face-off versus Dylan Larkin in Griffins zone.
3:40 of 1st period - Snap shot by Joel Armia.
3:40 of 1st period - Stopped by Olivier Roy without a rebound.
3:41 of 1st period - Tye McGinn wins face-off versus Scott Laughton in Griffins zone.
4:22 of 1st period - Icing by Mark McNeill.
4:23 of 1st period - Riley Armstrong wins face-off versus Markus Granlund in Admirals zone.
5:17 of 1st period - Slapshot by Scott Laughton.
5:17 of 1st period - Stopped by Olivier Roy with a rebound.
5:21 of 1st period - Wrist shot by Scott Laughton.
5:21 of 1st period - Stopped by Olivier Roy with a rebound.
5:23 of 1st period - Snap shot by Andreas Englund.
5:23 of 1st period - Stopped by Olivier Roy without a rebound.
5:24 of 1st period - Nicolas Deslauriers wins face-off versus Riley Armstrong in Griffins zone.
5:35 of 1st period - Wrist shot by Max Domi.
5:35 of 1st period - Stopped by Niklas Svedberg with a rebound.
5:37 of 1st period - Snap shot by Riley Armstrong.
5:37 of 1st period - Shot Misses the Net.
5:39 of 1st period - Snap shot by Riley Armstrong.
5:39 of 1st period - Stopped by Niklas Svedberg without a rebound.
5:40 of 1st period - Dylan Larkin wins face-off versus Scott Laughton in Admirals zone.
5:54 of 1st period - Icing by Travis Sanheim.
5:55 of 1st period - Anton Gustafsson wins face-off versus Dylan Larkin in Griffins zone.
6:02 of 1st period - Chris Lawrence is hit by Tye McGinn and loses puck.
6:09 of 1st period - Wrist shot by Tye McGinn.
6:09 of 1st period - Shot Misses the Net.
6:11 of 1st period - Slapshot by Simon Despres.
6:11 of 1st period - Deflect By Tye McGinn.
6:11 of 1st period - Shot Misses the Net.
6:11 of 1st period - Puck is out of play.
6:12 of 1st period - Scott Laughton wins face-off versus Riley Armstrong in Admirals zone.
6:46 of 1st period - Snap shot by Tye McGinn.
6:46 of 1st period - Shot Blocked by T.J Brodie.
7:00 of 1st period - Backhand shot by Danny Kristo.
7:00 of 1st period - Goal by Danny Kristo - Admirals : 0 - Griffins : 1.
7:01 of 1st period - Joel Armia wins face-off versus Mathew Barzal in neutral zone.
7:06 of 1st period - Snap shot by Nicolas Kerdiles.
7:06 of 1st period - Stopped by Olivier Roy with a rebound.
7:12 of 1st period - Backhand shot by Joel Armia.
7:12 of 1st period - Shot Misses the Net.
7:14 of 1st period - Snap shot by Nicolas Kerdiles.
7:14 of 1st period - Shot Blocked by Travis Sanheim.
7:16 of 1st period - Slapshot by Mat Clark.
7:16 of 1st period - Stopped by Olivier Roy with a rebound.
7:42 of 1st period - Minor Penalty to Trevor Van Riemsdyk for Tripping.
7:43 of 1st period - Anton Gustafsson wins face-off versus Dylan Larkin in Admirals zone.
9:42 of 1st period - Penalty to Trevor Van Riemsdyk is over, Trevor Van Riemsdyk is back on ice.
10:40 of 1st period - Adam Gaudette is hit by Chris Lawrence and loses puck.
12:23 of 1st period - Snap shot by Dylan Larkin.
12:23 of 1st period - Deflect By Adam Gaudette.
12:23 of 1st period - Stopped by Niklas Svedberg with a rebound.
12:29 of 1st period - Ryan Pulock is hit by Anton Gustafsson.
12:57 of 1st period - Wrist shot by Nicolas Kerdiles.
12:57 of 1st period - Shot Misses the Net.
13:09 of 1st period - Snap shot by Hunter Shinkaruk.
13:09 of 1st period - Shot Misses the Net.
13:11 of 1st period - Snap shot by Lucas Wallmark.
13:11 of 1st period - Stopped by Olivier Roy with a rebound.
13:13 of 1st period - Wrist shot by Josh Morrissey.
13:13 of 1st period - Shot Misses the Net.
13:15 of 1st period - Snap shot by T.J Brodie.
13:15 of 1st period - Shot Hit the Post.
13:17 of 1st period - Backhand shot by Lucas Wallmark.
13:17 of 1st period - Shot Blocked by Jordie Benn.
14:19 of 1st period - Mat Clark is hit by Ben Hanowski and loses puck.
14:46 of 1st period - Nicolas Deslauriers is hit by Danny Kristo.
15:04 of 1st period - Wrist shot by Nicolas Kerdiles.
15:04 of 1st period - Stopped by Olivier Roy without a rebound.
15:05 of 1st period - Markus Granlund wins face-off versus Riley Armstrong in Griffins zone.
15:37 of 1st period - Wrist shot by Nicolas Kerdiles.
15:37 of 1st period - Stopped by Olivier Roy with a rebound.
15:41 of 1st period - Wrist shot by Nicolas Kerdiles.
15:41 of 1st period - Stopped by Olivier Roy with a rebound.
15:43 of 1st period - Snap shot by Scott Laughton.
15:43 of 1st period - Shot Blocked by Jordie Benn.
15:45 of 1st period - Slapshot by Nicolas Kerdiles.
15:45 of 1st period - Shot Blocked by Sonny Milano.
15:47 of 1st period - Slapshot by T.J Brodie.
15:47 of 1st period - Shot Blocked by Marcus Pettersson.
16:16 of 1st period - Off-side.
16:17 of 1st period - Dylan Larkin wins face-off versus Lucas Wallmark in neutral zone.
16:49 of 1st period - Snap shot by Joel Armia.
16:49 of 1st period - Shot Blocked by Travis Sanheim.
17:05 of 1st period - Wrist shot by Sonny Milano.
17:05 of 1st period - Shot Misses the Net.
17:07 of 1st period - Wrist shot by Brendan Woods.
17:07 of 1st period - Stopped by Niklas Svedberg without a rebound.
17:08 of 1st period - Rourke Chartier wins face-off versus Scott Laughton in Admirals zone.
17:11 of 1st period - Wrist shot by Brendan Woods.
17:11 of 1st period - Shot Misses the Net.
17:13 of 1st period - Wrist shot by Brendan Woods.
17:13 of 1st period - Stopped by Niklas Svedberg without a rebound.
17:14 of 1st period - Dylan Larkin wins face-off versus Scott Laughton in Admirals zone.
17:15 of 1st period - Wrist shot by Ben Hanowski.
17:15 of 1st period - Shot Misses the Net.
17:17 of 1st period - Snap shot by Dylan Larkin.
17:17 of 1st period - Shot Misses the Net.
17:19 of 1st period - Snap shot by Ben Hanowski.
17:19 of 1st period - Stopped by Niklas Svedberg with a rebound.
17:21 of 1st period - Wrist shot by Ben Hanowski.
17:21 of 1st period - Shot Blocked by Mat Clark.
17:23 of 1st period - Slapshot by Phil Oreskovic.
17:23 of 1st period - Shot Misses the Net.
17:52 of 1st period - Adam Gaudette is hit by Mark McNeill and loses puck.
18:13 of 1st period - Wrist shot by Nicolas Deslauriers.
18:13 of 1st period - Stopped by Olivier Roy without a rebound.
18:14 of 1st period - Dylan Larkin wins face-off versus Scott Laughton in Griffins zone.
18:21 of 1st period - Wrist shot by Nicolas Kerdiles.
18:21 of 1st period - Shot Misses the Net.
18:23 of 1st period - Slapshot by T.J Brodie.
18:23 of 1st period - Deflect By Dylan Larkin.
18:23 of 1st period - Stopped by Olivier Roy with a rebound.
18:25 of 1st period - Slapshot by Scott Laughton.
18:25 of 1st period - Shot Misses the Net.
18:29 of 1st period - Snap shot by Joel Armia.
18:29 of 1st period - Stopped by Olivier Roy without a rebound.
18:30 of 1st period - Markus Granlund wins face-off versus Riley Armstrong in Griffins zone.
18:41 of 1st period - Snap shot by Markus Granlund.
18:41 of 1st period - Stopped by Olivier Roy with a rebound.
19:36 of 1st period - Slapshot by Hunter Shinkaruk.
19:36 of 1st period - Stopped by Olivier Roy without a rebound.
19:37 of 1st period - Rourke Chartier wins face-off versus Lucas Wallmark in Griffins zone.
19:37 of 1st period - Rourke Chartier is hit by Hunter Shinkaruk.
Goals for this period are 0 for Admirals vs 1 for Griffins.
Shots for this period are 16 for Admirals vs 9 for Griffins.
2nd period
0:01 of 2nd period - Dylan Larkin wins face-off versus Scott Laughton in neutral zone.
0:09 of 2nd period - Off-side.
0:10 of 2nd period - Scott Laughton wins face-off versus Dylan Larkin in neutral zone.
0:43 of 2nd period - Wrist shot by Ben Hanowski.
0:43 of 2nd period - Shot Blocked by Scott Laughton.
1:03 of 2nd period - Slapshot by Ben Hanowski.
1:03 of 2nd period - Shot Misses the Net.
1:05 of 2nd period - Minor Penalty to Josh Morrissey for Hooking.
1:06 of 2nd period - Riley Armstrong wins face-off versus Anton Gustafsson in Admirals zone.
1:21 of 2nd period - Slapshot by Brandon Pirri.
1:21 of 2nd period - Shot Blocked by Andreas Englund.
1:31 of 2nd period - T.J Brodie is hit by Brandon Pirri and loses puck.
1:46 of 2nd period - Snap shot by Riley Armstrong.
1:46 of 2nd period - Goal by Riley Armstrong - Admirals : 0 - Griffins : 2.
1:47 of 2nd period - Dylan Larkin wins face-off versus Markus Granlund in neutral zone.
2:13 of 2nd period - Ryan Pulock is hit by Joel Armia and loses puck.
2:26 of 2nd period - Backhand shot by Joel Armia.
2:26 of 2nd period - Shot Blocked by Phil Oreskovic.
3:49 of 2nd period - Nicolas Kerdiles is hit by Mathew Barzal.
4:07 of 2nd period - Wrist shot by Riley Armstrong.
4:07 of 2nd period - Stopped by Niklas Svedberg with a rebound.
4:18 of 2nd period - Icing by Riley Armstrong.
4:19 of 2nd period - Rourke Chartier wins face-off versus Lucas Wallmark in Griffins zone.
5:13 of 2nd period - Slapshot by Simon Despres.
5:13 of 2nd period - Shot Misses the Net.
5:15 of 2nd period - Slapshot by Ben Hanowski.
5:15 of 2nd period - Shot Blocked by Mark McNeill.
5:25 of 2nd period - Danny Kristo is hit by Nicolas Deslauriers and loses puck.
6:06 of 2nd period - Icing by Joel Armia.
6:07 of 2nd period - Scott Laughton wins face-off versus Riley Armstrong in Admirals zone.
6:14 of 2nd period - Snap shot by Nicolas Kerdiles.
6:14 of 2nd period - Shot Blocked by Phil Oreskovic.
7:11 of 2nd period - Minor Penalty to Marcus Pettersson for Roughing.
7:12 of 2nd period - Scott Laughton wins face-off versus Danny Kristo in Griffins zone.
7:19 of 2nd period - Slapshot by Scott Laughton.
7:19 of 2nd period - Stopped by Olivier Roy with a rebound.
7:23 of 2nd period - Wrist shot by Nicolas Kerdiles.
7:23 of 2nd period - Shot Blocked by Jordie Benn.
7:25 of 2nd period - Snap shot by Josh Morrissey.
7:25 of 2nd period - Stopped by Olivier Roy without a rebound.
7:26 of 2nd period - Danny Kristo wins face-off versus Joel Armia in Griffins zone.
7:31 of 2nd period - Wrist shot by Nicolas Kerdiles.
7:31 of 2nd period - Goal by Nicolas Kerdiles - Admirals : 1 - Griffins : 2.
7:32 of 2nd period - Tye McGinn wins face-off versus Scott Laughton in neutral zone.
7:35 of 2nd period - Scott Laughton is hit by Tye McGinn and loses puck.
8:02 of 2nd period - Wrist shot by Scott Laughton.
8:02 of 2nd period - Stopped by Olivier Roy without a rebound.
8:03 of 2nd period - Riley Armstrong wins face-off versus Markus Granlund in Griffins zone.
8:21 of 2nd period - Snap shot by Max Domi.
8:21 of 2nd period - Shot Blocked by Blake Geoffrion.
8:35 of 2nd period - Snap shot by Riley Armstrong.
8:35 of 2nd period - Shot Blocked by Mark McNeill.
8:37 of 2nd period - Snap shot by Riley Armstrong.
8:37 of 2nd period - Stopped by Niklas Svedberg with a rebound.
8:39 of 2nd period - Slapshot by Phil Oreskovic.
8:39 of 2nd period - Deflect By T.J Brodie.
8:39 of 2nd period - Stopped by Niklas Svedberg with a rebound.
8:45 of 2nd period - Snap shot by Max Domi.
8:45 of 2nd period - Shot Misses the Net.
8:47 of 2nd period - Slapshot by Adam Gaudette.
8:47 of 2nd period - Shot Misses the Net.
10:02 of 2nd period - Snap shot by Markus Granlund.
10:02 of 2nd period - Stopped by Olivier Roy with a rebound.
10:04 of 2nd period - Slapshot by Josh Morrissey.
10:04 of 2nd period - Shot Misses the Net.
10:36 of 2nd period - Max Domi is hit by Blake Geoffrion and loses puck.
10:41 of 2nd period - Snap shot by Blake Geoffrion.
10:41 of 2nd period - Goal by Blake Geoffrion - Admirals : 2 - Griffins : 2.
10:42 of 2nd period - Dylan Larkin wins face-off versus Scott Laughton in neutral zone.
10:48 of 2nd period - Minor Penalty to Travis Sanheim for Holding.
10:49 of 2nd period - Danny Kristo wins face-off versus Scott Laughton in Griffins zone.
10:58 of 2nd period - Snap shot by Scott Laughton.
10:58 of 2nd period - Shot Misses the Net.
11:00 of 2nd period - Slapshot by Mat Clark.
11:00 of 2nd period - Deflect By Nicolas Kerdiles.
11:00 of 2nd period - Deflect By Brendan Woods.
11:00 of 2nd period - Goal by Nicolas Kerdiles - Admirals : 3 - Griffins : 2.
11:01 of 2nd period - Dylan Larkin wins face-off versus Scott Laughton in neutral zone.
11:04 of 2nd period - Scott Laughton is hit by Dylan Larkin and loses puck.
11:33 of 2nd period - Snap shot by Ben Hanowski.
11:33 of 2nd period - Shot Misses the Net.
11:39 of 2nd period - Hunter Shinkaruk is hit by Jordie Benn and loses puck.
11:59 of 2nd period - Snap shot by Nicolas Deslauriers.
11:59 of 2nd period - Shot Misses the Net.
13:15 of 2nd period - Riley Armstrong is hit by T.J Brodie.
13:35 of 2nd period - T.J Brodie is hit by Sonny Milano and loses puck.
13:59 of 2nd period - Hunter Shinkaruk is hit by Danny Kristo and loses puck.
14:12 of 2nd period - Wrist shot by Riley Armstrong.
14:12 of 2nd period - Stopped by Niklas Svedberg with a rebound.
14:54 of 2nd period - Brett Connolly is hit by Danny Kristo and loses puck.
15:05 of 2nd period - Wrist shot by Nicolas Deslauriers.
15:05 of 2nd period - Stopped by Olivier Roy without a rebound.
15:06 of 2nd period - Nicolas Deslauriers wins face-off versus Riley Armstrong in Griffins zone.
15:09 of 2nd period - Snap shot by Nicolas Deslauriers.
15:09 of 2nd period - Stopped by Olivier Roy with a rebound.
15:11 of 2nd period - Snap shot by Andreas Englund.
15:11 of 2nd period - Shot Blocked by Jordie Benn.
15:13 of 2nd period - Slapshot by Mattias Backman.
15:13 of 2nd period - Stopped by Olivier Roy without a rebound.
15:14 of 2nd period - Scott Laughton wins face-off versus Dylan Larkin in Griffins zone.
16:26 of 2nd period - Off-side.
16:27 of 2nd period - Scott Laughton wins face-off versus Dylan Larkin in neutral zone.
17:40 of 2nd period - Wrist shot by Tye McGinn.
17:40 of 2nd period - Stopped by Niklas Svedberg with a rebound.
17:42 of 2nd period - Slapshot by Tye McGinn.
17:42 of 2nd period - Stopped by Niklas Svedberg with a rebound.
18:42 of 2nd period - Wrist shot by Brett Connolly.
18:42 of 2nd period - Stopped by Olivier Roy with a rebound.
18:50 of 2nd period - Wrist shot by Hunter Shinkaruk.
18:50 of 2nd period - Deflect By Jordie Benn.
18:50 of 2nd period - Shot Blocked by Jordie Benn.
18:50 of 2nd period - Puck is out of play.
18:51 of 2nd period - Dylan Larkin wins face-off versus Scott Laughton in Griffins zone.
18:58 of 2nd period - Slapshot by Travis Sanheim.
18:58 of 2nd period - Goal by Travis Sanheim - Admirals : 3 - Griffins : 3.
18:59 of 2nd period - Dylan Larkin wins face-off versus Scott Laughton in neutral zone.
19:51 of 2nd period - Off-side.
19:52 of 2nd period - Mathew Barzal wins face-off versus Markus Granlund in neutral zone.
Goals for this period are 3 for Admirals vs 2 for Griffins.
Shots for this period are 11 for Admirals vs 8 for Griffins.
3rd period
0:01 of 3rd period - Scott Laughton wins face-off versus Dylan Larkin in neutral zone.
0:14 of 3rd period - Wrist shot by Dylan Larkin.
0:14 of 3rd period - Shot Misses the Net.
0:16 of 3rd period - Snap shot by Travis Sanheim.
0:16 of 3rd period - Stopped by Niklas Svedberg with a rebound.
0:26 of 3rd period - Nicolas Kerdiles is hit by Travis Sanheim and loses puck.
0:37 of 3rd period - Wrist shot by Brandon Pirri.
0:37 of 3rd period - Shot Misses the Net.
0:39 of 3rd period - Slapshot by Jordie Benn.
0:39 of 3rd period - Stopped by Niklas Svedberg with a rebound.
1:09 of 3rd period - Minor Penalty to Sonny Milano for Holding.
1:10 of 3rd period - Markus Granlund wins face-off versus Danny Kristo in Griffins zone.
1:45 of 3rd period - Jordie Benn is hit by Nicolas Kerdiles and loses puck.
1:56 of 3rd period - Phil Oreskovic is hit by Mat Clark and loses puck.
2:07 of 3rd period - Slapshot by Josh Morrissey.
2:07 of 3rd period - Shot Blocked by Brandon Pirri.
2:33 of 3rd period - Snap shot by Nicolas Kerdiles.
2:33 of 3rd period - Deflect By Joel Armia.
2:33 of 3rd period - Shot Misses the Net.
2:33 of 3rd period - Puck is out of play.
2:34 of 3rd period - Markus Granlund wins face-off versus Danny Kristo in Griffins zone.
2:37 of 3rd period - Wrist shot by Markus Granlund.
2:37 of 3rd period - Shot Misses the Net.
3:09 of 3rd period - Penalty to Sonny Milano is over, Sonny Milano is back on ice.
3:56 of 3rd period - Blake Geoffrion is hit by Sonny Milano and loses puck.
4:13 of 3rd period - Marcus Pettersson is hit by Carl Dahlstrom.
4:18 of 3rd period - Off-side.
4:19 of 3rd period - Dylan Larkin wins face-off versus Anton Gustafsson in neutral zone.
4:29 of 3rd period - Off-side.
4:30 of 3rd period - Dylan Larkin wins face-off versus Scott Laughton in neutral zone.
4:44 of 3rd period - Slapshot by Tye McGinn.
4:44 of 3rd period - Stopped by Niklas Svedberg with a rebound.
4:46 of 3rd period - Slapshot by Travis Sanheim.
4:46 of 3rd period - Stopped by Niklas Svedberg without a rebound.
4:47 of 3rd period - Riley Armstrong wins face-off versus Markus Granlund in Admirals zone.
4:54 of 3rd period - Snap shot by Max Domi.
4:54 of 3rd period - Stopped by Niklas Svedberg with a rebound.
5:36 of 3rd period - Minor Penalty to Travis Sanheim for Boarding.
5:37 of 3rd period - Danny Kristo wins face-off versus Joel Armia in Griffins zone.
5:48 of 3rd period - Slapshot by Josh Morrissey.
5:48 of 3rd period - Stopped by Olivier Roy with a rebound.
6:08 of 3rd period - Minor Penalty to Josh Morrissey for Hooking.
6:09 of 3rd period - Scott Laughton wins face-off versus Dylan Larkin in Admirals zone.
6:50 of 3rd period - Wrist shot by Max Domi.
6:50 of 3rd period - Stopped by Niklas Svedberg with a rebound.
7:28 of 3rd period - Max Domi is hit by Markus Granlund and loses puck.
7:33 of 3rd period - Snap shot by Blake Geoffrion.
7:33 of 3rd period - Stopped by Olivier Roy with a rebound.
7:35 of 3rd period - Wrist shot by Markus Granlund.
7:35 of 3rd period - Stopped by Olivier Roy without a rebound.
7:36 of 3rd period - Penalty to Travis Sanheim is over, Travis Sanheim is back on ice.
7:36 of 3rd period - Anton Gustafsson wins face-off versus Riley Armstrong in Griffins zone.
8:08 of 3rd period - Penalty to Josh Morrissey is over, Josh Morrissey is back on ice.
8:47 of 3rd period - Trevor Van Riemsdyk is hit by Max Domi.
9:39 of 3rd period - Hunter Shinkaruk is hit by Jordie Benn and loses puck.
10:02 of 3rd period - Slapshot by Hunter Shinkaruk.
10:02 of 3rd period - Goal by Hunter Shinkaruk - Admirals : 4 - Griffins : 3.
10:03 of 3rd period - Scott Laughton wins face-off versus Dylan Larkin in neutral zone.
10:08 of 3rd period - Dylan Larkin is hit by Joel Armia and loses puck.
10:31 of 3rd period - Snap shot by Blake Geoffrion.
10:31 of 3rd period - Stopped by Olivier Roy with a rebound.
11:24 of 3rd period - Hunter Shinkaruk is hit by Rourke Chartier and loses puck.
12:21 of 3rd period - Wrist shot by Riley Armstrong.
12:21 of 3rd period - Shot Misses the Net.
12:23 of 3rd period - Slapshot by Phil Oreskovic.
12:23 of 3rd period - Stopped by Niklas Svedberg with a rebound.
12:25 of 3rd period - Snap shot by Max Domi.
12:25 of 3rd period - Goal by Max Domi - Admirals : 4 - Griffins : 4.
12:26 of 3rd period - Dylan Larkin wins face-off versus Scott Laughton in neutral zone.
12:28 of 3rd period - Off-side.
12:29 of 3rd period - Scott Laughton wins face-off versus Dylan Larkin in neutral zone.
12:56 of 3rd period - Travis Sanheim is hit by Mark McNeill and loses puck.
13:21 of 3rd period - Snap shot by Danny Kristo.
13:21 of 3rd period - Shot Misses the Net.
14:20 of 3rd period - Travis Dermott is hit by Max Domi.
14:26 of 3rd period - Icing by Adam Gaudette.
14:27 of 3rd period - Riley Armstrong wins face-off versus Scott Laughton in Griffins zone.
14:34 of 3rd period - Wrist shot by Riley Armstrong.
14:34 of 3rd period - Shot Misses the Net.
14:36 of 3rd period - Snap shot by Riley Armstrong.
14:36 of 3rd period - Stopped by Niklas Svedberg with a rebound.
14:56 of 3rd period - Snap shot by Riley Armstrong.
14:56 of 3rd period - Shot Misses the Net.
15:00 of 3rd period - Wrist shot by Adam Gaudette.
15:00 of 3rd period - Shot Blocked by T.J Brodie.
15:02 of 3rd period - Slapshot by Ryan Pulock.
15:02 of 3rd period - Shot Blocked by Travis Dermott.
15:16 of 3rd period - Snap shot by Riley Armstrong.
15:16 of 3rd period - Shot Misses the Net.
15:32 of 3rd period - Slapshot by Phil Oreskovic.
15:32 of 3rd period - Shot Blocked by Scott Laughton.
15:34 of 3rd period - Snap shot by Riley Armstrong.
15:34 of 3rd period - Stopped by Niklas Svedberg without a rebound.
15:35 of 3rd period - Dylan Larkin wins face-off versus Anton Gustafsson in Admirals zone.
15:48 of 3rd period - Slapshot by Tye McGinn.
15:48 of 3rd period - Stopped by Niklas Svedberg with a rebound.
15:50 of 3rd period - Wrist shot by Tye McGinn.
15:50 of 3rd period - Shot Blocked by Mattias Backman.
16:05 of 3rd period - Wrist shot by Chris Lawrence.
16:05 of 3rd period - Shot Misses the Net.
17:01 of 3rd period - Ben Hanowski is hit by Mat Clark and loses puck.
17:56 of 3rd period - Slapshot by T.J Brodie.
17:56 of 3rd period - Shot Blocked by Travis Sanheim.
18:10 of 3rd period - Hunter Shinkaruk is hit by Simon Despres and loses puck.
18:27 of 3rd period - Nicolas Kerdiles is hit by Riley Armstrong and loses puck.
Goals for this period are 1 for Admirals vs 1 for Griffins.
Shots for this period are 5 for Admirals vs 11 for Griffins.
Overtime #1
0:01 of 1st overtime period - Scott Laughton wins face-off versus Dylan Larkin in neutral zone.
0:47 of 1st overtime period - Wrist shot by Anton Gustafsson.
0:47 of 1st overtime period - Goal by Anton Gustafsson - Admirals : 5 - Griffins : 4.
Goals for this period are 1 for Admirals vs 0 for Griffins.
Shots for this period are 1 for Admirals vs 0 for Griffins.
Output by the SimonT Hockey Simulator (STHS) for Francois Prevost